TOP OF THE 1ST |
La Crosse Loggers batting - Pitching for San Diego Smashers : RHP Carlos Trujillo
|
Pitching: RHP Carlos Trujillo
|
|
Batting: RHB Robert Acosta
|
0-0: Foul Ball, location: 2F 0-1: Ball 1-1: Called Strike 1-2: Strikes out swinging
|
Batting: RHB Paul Richard
|
0-0: Fly out, F7 (Flyball, 7M)
|
Batting: LHB Alex Henderson
|
0-0: Called Strike 0-1: Ball 1-1: Swinging Strike 1-2: Ball 2-2: Foul Ball, location: 2F 2-2: Ball 3-2: Ground out 1-3 (Groundball, 15S)
|
Top of the 1st over - 0 run(s), 0 hit(s), 0 error(s), 0 left on base; La Crosse 0 - San Diego 0 |
BOTTOM OF THE 1ST |
San Diego Smashers batting - Pitching for La Crosse Loggers : RHP Jaime Martínez
|
Pitching: RHP Jaime Martínez
|
|
Batting: RHB Ryan Cates
|
0-0: Ground out 6-3 (Groundball, 6)
|
Batting: LHB Karl Hill
|
0-0: Called Strike 0-1: Foul Ball, location: 2F 0-2: Ball 1-2: Strikes out swinging
|
Batting: RHB Alfredo López
|
0-0: Ball 1-0: Ball 2-0: Ball 3-0: DOUBLE (Line Drive, 78D)
|
Batting: RHB Phil White
|
0-0: Swinging Strike 0-1: Foul Ball, location: 2F 0-2: Strikes out swinging
|
Bottom of the 1st over - 0 run(s), 1 hit(s), 0 error(s), 1 left on base; La Crosse 0 - San Diego 0 |
TOP OF THE 2ND |
La Crosse Loggers batting - Pitching for San Diego Smashers : RHP Carlos Trujillo
|
Batting: RHB Danny Campbell
|
0-0: Ball 1-0: Ball Reached via error on a dropped throw, E3
|
Batting: SHB Ricardo Arévalo
|
0-0: Ball 1-0: Foul Ball, location: 2F 1-1: Ball 2-1: Foul Ball, location: 2F 2-2: Ball 3-2: DOUBLE (Line Drive, 6MD) Danny Campbell to third
|
Batting: RHB Vernon Romo
|
0-0: Fly out, F6 (Popup, 56D)
|
Batting: LHB Ramón Córdova
|
0-0: Ball 1-0: Ball 2-0: Called Strike 2-1: Foul Ball, location: 2F 2-2: Foul Ball, location: 2F 2-2: Ball 3-2: Base on Balls
|
Batting: RHB James Jenkins
|
0-0: Ball 1-0: Foul Ball, location: 2F 1-1: Ball 2-1: Called Strike 2-2: Foul Ball, location: 2F 2-2: Foul Ball, location: 2F 2-2: Strikes out swinging
|
Batting: RHB James Green
|
0-0: Fly out, F9 (Popup, 4D)
|
Top of the 2nd over - 0 run(s), 1 hit(s), 1 error(s), 3 left on base; La Crosse 0 - San Diego 0 |
BOTTOM OF THE 2ND |
San Diego Smashers batting - Pitching for La Crosse Loggers : RHP Jaime Martínez
|
Batting: RHB Marty Hendrickson
|
0-0: Ball 1-0: Fly out, F8 (Flyball, 8LD)
|
Batting: RHB Fred Ameris
|
0-0: Foul Ball, location: 2F 0-1: Called Strike 0-2: Ball 1-2: Foul Ball, location: 2F 1-2: Ball 2-2: Ball 3-2: Strikes out swinging
|
Batting: RHB Jorge Collazo
|
0-0: Ball 1-0: Ball 2-0: Foul Ball, location: 2F 2-1: SINGLE (Groundball, 6MD)
|
Batting: RHB John Bryant
|
0-0: Called Strike 0-1: Ball 1-1: Ball 2-1: Ball 3-1: Foul Ball, location: 2F 3-2: Foul Ball, location: 2F 3-2: Foul Ball, location: 2F 3-2: Base on Balls Jorge Collazo to second
|
Batting: LHB Francisco Medina
|
0-0: Ball 1-0: Called Strike 1-1: Ball 2-1: Called Strike 2-2: Ground out 4-3 (Groundball, 13)
|
Bottom of the 2nd over - 0 run(s), 1 hit(s), 0 error(s), 2 left on base; La Crosse 0 - San Diego 0 |
TOP OF THE 3RD |
La Crosse Loggers batting - Pitching for San Diego Smashers : RHP Carlos Trujillo
|
Batting: RHB Robert Acosta
|
0-0: Called Strike 0-1: Ball 1-1: SINGLE (Line Drive, 6D)
|
Batting: RHB Paul Richard
|
0-0: Swinging Strike 0-1: Swinging Strike 0-2: Strikes out swinging
|
Batting: LHB Alex Henderson
|
0-0: Ball 1-0: Called Strike Robert Acosta is caught stealing 2nd base 1-1: Swinging Strike 1-2: Ground out 4-3 (Groundball, 4)
|
Top of the 3rd over - 0 run(s), 1 hit(s), 0 error(s), 0 left on base; La Crosse 0 - San Diego 0 |
BOTTOM OF THE 3RD |
San Diego Smashers batting - Pitching for La Crosse Loggers : RHP Jaime Martínez
|
Batting: RHB Ryan Cates
|
0-0: Foul Ball, location: 2F 0-1: DOUBLE (Line Drive, 3L)
|
Batting: LHB Karl Hill
|
0-0: Ground out 2-3 (Groundball, 2L) Ryan Cates to third
|
Batting: RHB Alfredo López
|
0-0: Ball 1-0: Foul Ball, location: 2F 1-1: SINGLE (Line Drive, 6M) Ryan Cates scores
|
Batting: RHB Phil White
|
0-0: Called Strike 0-1: Ball 1-1: Ball 2-1: SINGLE (Groundball, 56D) Alfredo López to second
|
Batting: RHB Marty Hendrickson
|
0-0: Ball 1-0: Called Strike 1-1: Ball 2-1: Ball 3-1: Base on Balls Alfredo López to third Phil White to second
|
Batting: RHB Fred Ameris
|
0-0: Swinging Strike 0-1: Fly out, F9 (Flyball, 89M) Runner from 3rd tags up, SCORES, throw made
|
Batting: RHB Jorge Collazo
|
0-0: Ball 1-0: Called Strike 1-1: Foul Ball, location: 2F 1-2: Ball 2-2: Foul Ball, location: 2F 2-2: Strikes out swinging
|
Bottom of the 3rd over - 2 run(s), 3 hit(s), 0 error(s), 2 left on base; La Crosse 0 - San Diego 2 |
TOP OF THE 4TH |
La Crosse Loggers batting - Pitching for San Diego Smashers : RHP Carlos Trujillo
|
Batting: RHB Danny Campbell
|
0-0: Ball 1-0: Swinging Strike 1-1: Ball 2-1: Swinging Strike 2-2: Ball 3-2: Strikes out swinging
|
Batting: SHB Ricardo Arévalo
|
0-0: Ball 1-0: Called Strike 1-1: Foul Ball, location: 2F 1-2: DOUBLE (Line Drive, 3L)
|
Batting: RHB Vernon Romo
|
0-0: Ball 1-0: Called Strike 1-1: Called Strike 1-2: Fly out, F8 (Flyball, 8RM)
|
Batting: LHB Ramón Córdova
|
0-0: Ground out 5-3 (Groundball, 5S)
|
Top of the 4th over - 0 run(s), 1 hit(s), 0 error(s), 1 left on base; La Crosse 0 - San Diego 2 |
BOTTOM OF THE 4TH |
San Diego Smashers batting - Pitching for La Crosse Loggers : RHP Jaime Martínez
|
Batting: RHB John Bryant
|
0-0: Ball 1-0: Fly out, F7 (Flyball, 78S)
|
Batting: LHB Francisco Medina
|
0-0: Ground out 3-1 (Groundball, 34S)
|
Batting: RHB Ryan Cates
|
0-0: Ball 1-0: Ground out 4-3 (Groundball, 4)
|
Bottom of the 4th over - 0 run(s), 0 hit(s), 0 error(s), 0 left on base; La Crosse 0 - San Diego 2 |
TOP OF THE 5TH |
La Crosse Loggers batting - Pitching for San Diego Smashers : RHP Carlos Trujillo
|
Batting: RHB James Jenkins
|
0-0: Called Strike 0-1: Ball 1-1: Ball 2-1: Ball 3-1: Fly out, F7 (Flyball, 78M)
|
Batting: RHB James Green
|
0-0: Ball 1-0: Ball 2-0: Ball 3-0: Called Strike 3-1: Called Strike 3-2: Ground out 5-3 (Groundball, 56)
|
Batting: RHB Robert Acosta
|
0-0: Ball 1-0: Called Strike 1-1: Fly out, F7 (Flyball, 7S)
|
Top of the 5th over - 0 run(s), 0 hit(s), 0 error(s), 0 left on base; La Crosse 0 - San Diego 2 |
BOTTOM OF THE 5TH |
San Diego Smashers batting - Pitching for La Crosse Loggers : RHP Jaime Martínez
|
Batting: LHB Karl Hill
|
0-0: Fly out, F8 (Flyball, 8RD)
|
Batting: RHB Alfredo López
|
0-0: Ball 1-0: Called Strike 1-1: SOLO HOME RUN (Flyball, 89XD), Distance : 419 ft
|
Batting: RHB Phil White
|
0-0: Foul Ball, location: 2F 0-1: Ball 1-1: Foul Ball, location: 2F 1-2: Ball 2-2: Ball 3-2: SOLO HOME RUN (Line Drive, 78XD), Distance : 394 ft
|
Batting: RHB Marty Hendrickson
|
0-0: Ball 1-0: Called Strike 1-1: Ball 2-1: Ball 3-1: Base on Balls
|
Batting: RHB Fred Ameris
|
0-0: Ball 1-0: Ball 2-0: Grounds into double play, 4-6-3 (Groundball, 4M)
|
Bottom of the 5th over - 2 run(s), 2 hit(s), 0 error(s), 0 left on base; La Crosse 0 - San Diego 4 |
TOP OF THE 6TH |
La Crosse Loggers batting - Pitching for San Diego Smashers : RHP Carlos Trujillo
|
Batting: RHB Paul Richard
|
0-0: Ball 1-0: Foul Ball, location: 2F 1-1: Ball 2-1: SOLO HOME RUN (Flyball, 7D), Distance : 354 ft
|
Batting: LHB Alex Henderson
|
0-0: DOUBLE (Groundball, 3D)
|
Batting: RHB Danny Campbell
|
0-0: Called Strike 0-1: Called Strike 0-2: SINGLE (Line Drive, 4M) Alex Henderson to third
|
Batting: SHB Ricardo Arévalo
|
0-0: Ball 1-0: Ball 2-0: Ball 3-0: Base on Balls Danny Campbell to second
|
Batting: RHB Vernon Romo
|
0-0: Ball 1-0: Ball 2-0: Fly out, F4 (Popup, 34)
|
Pitching: RHP Bill Elliott
|
|
Batting: LHB Ramón Córdova
|
0-0: Foul Ball, location: 2F 0-1: Ball 1-1: Called Strike 1-2: GRAND SLAM HOME RUN (Flyball, 9LD), Distance : 365 ft
|
Batting: RHB James Jenkins
|
0-0: Ball 1-0: Ground out 2-3 (Groundball, 2R)
|
Batting: RHB James Green
|
0-0: SINGLE (Line Drive, 7LS)
|
Batting: RHB Robert Acosta
|
0-0: Ball James Green steals 2nd base 1-0: Fly out, F8 (Flyball, 8LM)
|
Top of the 6th over - 5 run(s), 5 hit(s), 0 error(s), 1 left on base; La Crosse 5 - San Diego 4 |
BOTTOM OF THE 6TH |
San Diego Smashers batting - Pitching for La Crosse Loggers : RHP Jaime Martínez
|
Batting: RHB Jorge Collazo
|
0-0: Called Strike 0-1: Ball 1-1: Ball 2-1: Foul Ball, location: 2F 2-2: Foul Ball, location: 2F 2-2: Foul Ball, location: 2F 2-2: Strikes out swinging
|
Batting: RHB John Bryant
|
0-0: Ball 1-0: Ground out 5-3 (Groundball, 56)
|
Batting: LHB Francisco Medina
|
0-0: SINGLE (Line Drive, 7LS)
|
Batting: RHB Ryan Cates
|
0-0: Ball 1-0: Swinging Strike 1-1: Foul Ball, location: 2F 1-2: Foul Ball, location: 2F 1-2: Foul Ball, location: 2F 1-2: Strikes out swinging
|
Bottom of the 6th over - 0 run(s), 1 hit(s), 0 error(s), 1 left on base; La Crosse 5 - San Diego 4 |
TOP OF THE 7TH |
La Crosse Loggers batting - Pitching for San Diego Smashers : RHP Bill Elliott
|
Batting: RHB Paul Richard
|
0-0: Called Strike 0-1: Called Strike 0-2: Strikes out swinging
|
Batting: LHB Alex Henderson
|
0-0: Ball 1-0: SINGLE (Line Drive, 8RS)
|
Batting: RHB Danny Campbell
|
0-0: Foul Ball, location: 2F 0-1: Called Strike 0-2: Ball 1-2: Fly out, F8 (Line Drive, 8LS)
|
Batting: SHB Ricardo Arévalo
|
0-0: Ball 1-0: Ball 2-0: Called Strike 2-1: Foul Ball, location: 2F 2-2: Ball 3-2: DOUBLE (Flyball, 78XD) Alex Henderson to third Alex Henderson scores
|
Batting: RHB Vernon Romo
|
0-0: Ball 1-0: Fly out, F8 (Flyball, 8LD)
|
Top of the 7th over - 1 run(s), 2 hit(s), 0 error(s), 1 left on base; La Crosse 6 - San Diego 4 |
BOTTOM OF THE 7TH |
San Diego Smashers batting - Pitching for La Crosse Loggers : RHP Jaime Martínez
|
Pitching: LHP Pablo Solíz
|
|
Batting: LHB Karl Hill
|
0-0: Swinging Strike 0-1: Ball 1-1: Ground out 1-3 (Groundball, 13)
|
Batting: RHB Alfredo López
|
0-0: Ball 1-0: Ball 2-0: Called Strike 2-1: SINGLE (Line Drive, 89S)
|
Batting: RHB Phil White
|
0-0: Called Strike 0-1: Ball 1-1: Swinging Strike 1-2: Ball 2-2: Strikes out swinging
|
Batting: RHB Marty Hendrickson
|
0-0: SINGLE (Line Drive, 8RS) Alfredo López to second
|
Batting: RHB Fred Ameris
|
0-0: Ball 1-0: Ball 2-0: Foul Ball, location: 2F 2-1: Foul Ball, location: 2F 2-2: Ball 3-2: Foul Ball, location: 2F 3-2: Fly out, F8 (Flyball, 8LD)
|
Bottom of the 7th over - 0 run(s), 2 hit(s), 0 error(s), 2 left on base; La Crosse 6 - San Diego 4 |
TOP OF THE 8TH |
La Crosse Loggers batting - Pitching for San Diego Smashers : RHP Bill Elliott
|
Batting: LHB Ramón Córdova
|
0-0: Ball 1-0: Foul Ball, location: 2F 1-1: Swinging Strike 1-2: Foul Ball, location: 2F 1-2: SINGLE (Flyball, 8LS)
|
Batting: RHB James Jenkins
|
0-0: Ball 1-0: Sac Bunt - play at first, batter OUT! 1-3 Ramón Córdova to second
|
Pitching: LHP Raymond Ritchie
|
|
Batting: RHB James Green
|
0-0: Ball 1-0: Foul Ball, location: 2F 1-1: Foul Ball, location: 2F 1-2: Strikes out swinging
|
Batting: RHB Robert Acosta
|
0-0: Ball 1-0: Ball 2-0: Foul Ball, location: 2F 2-1: SINGLE (Groundball, 5D) Ramón Córdova to third Runner from 3rd tries for Home, SAFE, no throw or cutoff
|
Batting: RHB Paul Richard
|
0-0: Ball 1-0: Fly out, F7 (Line Drive, 78S)
|
Top of the 8th over - 1 run(s), 2 hit(s), 0 error(s), 1 left on base; La Crosse 7 - San Diego 4 |
BOTTOM OF THE 8TH |
San Diego Smashers batting - Pitching for La Crosse Loggers : LHP Pablo Solíz
|
Batting: RHB Jorge Collazo
|
0-0: Called Strike 0-1: Foul Ball, location: 2F 0-2: Ball 1-2: Strikes out swinging
|
Batting: RHB John Bryant
|
0-0: Called Strike 0-1: Ball 1-1: SINGLE (Groundball, 56D)
|
Batting: LHB Francisco Medina
|
0-0: Fly out, F6 (Popup, 6)
|
Pitching: RHP Chad Bennett
|
|
Batting: RHB Ryan Cates
|
0-0: Ball 1-0: Foul Ball, location: 2F 1-1: Called Strike 1-2: Fielders Choice at 2nd, 5-4 (Groundball, 56)
|
Bottom of the 8th over - 0 run(s), 1 hit(s), 0 error(s), 0 left on base; La Crosse 7 - San Diego 4 |
TOP OF THE 9TH |
La Crosse Loggers batting - Pitching for San Diego Smashers : LHP Raymond Ritchie
|
Batting: LHB Alex Henderson
|
0-0: Ground out 4-3 (Groundball, 4S)
|
Batting: RHB Danny Campbell
|
0-0: Called Strike 0-1: Called Strike 0-2: Strikes out swinging
|
Batting: SHB Ricardo Arévalo
|
0-0: Ball 1-0: Ball 2-0: Foul Ball, location: 2F 2-1: SINGLE (Groundball, 15S) (infield hit)
|
Batting: RHB Vernon Romo
|
0-0: Ball 1-0: Called Strike 1-1: Ball 2-1: Foul Ball, location: 2F 2-2: Ball 3-2: Strikes out swinging
|
Top of the 9th over - 0 run(s), 1 hit(s), 0 error(s), 1 left on base; La Crosse 7 - San Diego 4 |
BOTTOM OF THE 9TH |
San Diego Smashers batting - Pitching for La Crosse Loggers : RHP Chad Bennett
|
Pitching: LHP Marty Blasingame
|
|
Batting: LHB Karl Hill
|
0-0: Called Strike 0-1: Fly out, F7 (Flyball, 78S)
|
Batting: RHB Alfredo López
|
0-0: Ball 1-0: Called Strike 1-1: Ball 2-1: Called Strike 2-2: Ball 3-2: Strikes out swinging
|
Batting: RHB Phil White
|
0-0: Ball 1-0: Ball 2-0: Foul Ball, location: 2F 2-1: Ball 3-1: Foul Ball, location: 2F 3-2: SOLO HOME RUN (Flyball, 78XD), Distance : 405 ft
|
Batting: RHB Marty Hendrickson
|
0-0: Called Strike 0-1: Foul Ball, location: 2F 0-2: Ball 1-2: Foul Ball, location: 2F 1-2: Strikes out looking
|
Bottom of the 9th over - 1 run(s), 1 hit(s), 0 error(s), 0 left on base; La Crosse 7 - San Diego 5 |
|